SL
LAS VEGAS FLAMINGOS @ FT. WORTH CATTLEMEN
06/29/2021
 
TOP OF THE 1ST
Las Vegas Flamingos batting - Pitching for Ft. Worth Cattlemen : RHP Nicholas Wells
Pitching: RHP Nicholas Wells
Batting: LHB Sinclair van Kooten 0-0: Called Strike
0-1: Ball
1-1: SINGLE (Popup, 8RS)
Batting: RHB Wayne Bannatyne 0-0: Ball
1-0: Foul Ball, location: 2F
1-1: Called Strike
1-2: Strikes out swinging
Batting: RHB Jeff Young 0-0: Ball
1-0: Called Strike
1-1: Foul Ball, location: 2F
1-2: Strikes out swinging
Batting: RHB Travis Newsome 0-0: Ball
1-0: Ball
Sinclair van Kooten steals 2nd base
2-0: Called Strike
2-1: Called Strike
2-2: Strikes out swinging
Top of the 1st over - 0 run(s), 1 hit(s), 0 error(s), 1 left on base; Las Vegas 0 - Ft. Worth 0
BOTTOM OF THE 1ST
Ft. Worth Cattlemen batting - Pitching for Las Vegas Flamingos : RHP Bob Warford
Pitching: RHP Bob Warford
Batting: LHB Ryan Westlake 0-0: Swinging Strike
0-1: SINGLE (Line Drive, 56D)
Batting: LHB Toyokazu Asano 0-0: Called Strike
0-1: SINGLE (Line Drive, 5L)
Ryan Westlake to second
Batting: RHB Bart Lewis 0-0: Foul Ball, location: 2F
0-1: Ball
1-1: Called Strike
1-2: Ball
2-2: Foul Ball, location: 2F
2-2: Ball
3-2: Foul Ball, location: 2F
3-2: Base on Balls
Ryan Westlake to third
Toyokazu Asano to second
Batting: RHB Alan Elder 0-0: Ball
1-0: Ball
2-0: Ball
3-0: Base on Balls
Ryan Westlake scores
Toyokazu Asano to third
Bart Lewis to second
Batting: LHB Orlando Trevino 0-0: Ball
1-0: Foul Ball, location: 2F
1-1: DOUBLE (Line Drive, 3L)
Toyokazu Asano scores
Bart Lewis scores
Alan Elder to third
Batting: SHB Eiji Suzuki 0-0: Swinging Strike
0-1: Ball
1-1: Ball
2-1: Fly out, F7 (Flyball, 7D)
Runner from 3rd tags up, SCORES, no throw
Orlando Trevino to third
Batting: LHB Bill Burgess 0-0: Called Strike
0-1: Swinging Strike
0-2: Ball
1-2: Strikes out swinging
Batting: RHB Jack Weber 0-0: Ball
1-0: Called Strike
1-1: Ball
2-1: Called Strike
2-2: Foul Ball, location: 2F
2-2: SINGLE (Groundball, 4MS)
Orlando Trevino scores
Batting: RHB Kevin Howard 0-0: Called Strike
0-1: Ball
1-1: Ball
2-1: SINGLE (Line Drive, 56)
Jack Weber to second
Batting: LHB Ryan Westlake 0-0: Called Strike
0-1: Swinging Strike
0-2: Ball
1-2: Ball
2-2: Foul Ball, location: 2F
2-2: Foul Ball, location: 2F
2-2: Ball
3-2: Foul Ball, location: 2F
3-2: Base on Balls
Jack Weber to third
Kevin Howard to second
Batting: LHB Toyokazu Asano 0-0: Ball
1-0: Ball
2-0: Foul Ball, location: 2F
2-1: Foul Ball, location: 2F
2-2: Ball
3-2: Foul Ball, location: 2F
3-2: Foul Ball, location: 2F
3-2: Strikes out swinging
Bottom of the 1st over - 5 run(s), 5 hit(s), 0 error(s), 3 left on base; Las Vegas 0 - Ft. Worth 5
TOP OF THE 2ND
Las Vegas Flamingos batting - Pitching for Ft. Worth Cattlemen : RHP Nicholas Wells
Batting: LHB José Meléndez 0-0: Called Strike
0-1: Ball
1-1: Fly out, F8 (Flyball, 8LM)
Batting: RHB Matt Sheppard 0-0: Ball
1-0: Foul Ball, location: 2F
1-1: Ball
2-1: Foul Ball, location: 2F
2-2: Foul Ball, location: 2F
2-2: Ball
3-2: Strikes out swinging
Batting: LHB Takahiro Harada 0-0: Ball
1-0: Called Strike
1-1: Foul Ball, location: 2F
1-2: Strikes out swinging
Top of the 2nd over - 0 run(s), 0 hit(s), 0 error(s), 0 left on base; Las Vegas 0 - Ft. Worth 5
BOTTOM OF THE 2ND
Ft. Worth Cattlemen batting - Pitching for Las Vegas Flamingos : RHP Bob Warford
Batting: RHB Bart Lewis 0-0: Called Strike
0-1: Swinging Strike
0-2: Hit by Pitch
Batting: RHB Alan Elder 0-0: Ball
1-0: Foul Ball, location: 2F
1-1: Ball
2-1: SINGLE (Groundball, 56D)
Bart Lewis to second
Batting: LHB Orlando Trevino 0-0: Ball
1-0: Ball
2-0: Ball
3-0: Called Strike
3-1: Grounds into double play, 6-4-3 (Groundball, 6M)
Bart Lewis to third
Batting: SHB Eiji Suzuki 0-0: Ball
1-0: Ball
2-0: Called Strike
2-1: Ball
3-1: Base on Balls
Batting: LHB Bill Burgess 0-0: Ball
1-0: Called Strike
1-1: SINGLE (Groundball, 34D)
Bart Lewis scores
Eiji Suzuki to second
Runner from 2nd tries for 3rd, SAFE, no throw or cutoff
Batting: RHB Jack Weber 0-0: Ball
Bill Burgess steals 2nd base
1-0: Called Strike
1-1: Called Strike
1-2: Ball
2-2: Ball
3-2: Foul Ball, location: 2F
3-2: Foul Ball, location: 2F
3-2: SINGLE (Groundball, 6MD) (infield hit)
Eiji Suzuki scores
Bill Burgess to third
Pitching: LHP Russ Melanson
Batting: RHB Kevin Howard 0-0: SINGLE (Groundball, 34D)
Bill Burgess scores
Jack Weber to second
Runner from 2nd tries for 3rd, SAFE, throw made to third
Batting: LHB Ryan Westlake 0-0: Called Strike
0-1: Foul Ball, location: 2F
0-2: Ball
1-2: Ball
2-2: Fly out, F4 (Popup, 4M)
Bottom of the 2nd over - 3 run(s), 4 hit(s), 0 error(s), 2 left on base; Las Vegas 0 - Ft. Worth 8
TOP OF THE 3RD
Las Vegas Flamingos batting - Pitching for Ft. Worth Cattlemen : RHP Nicholas Wells
Batting: LHB Kenneth Chapman 0-0: Called Strike
0-1: Ground out 4-3 (Groundball, 4)
Batting: RHB Steven Talley 0-0: Ball
1-0: Called Strike
1-1: Ball
2-1: Ball
3-1: Fly out, F8 (Flyball, 8RD)
Batting: LHB Sinclair van Kooten 0-0: Ball
1-0: Ball
2-0: Called Strike
2-1: Foul Ball, location: 2F
2-2: Foul Ball, location: 2F
2-2: Ball
3-2: Strikes out looking
Top of the 3rd over - 0 run(s), 0 hit(s), 0 error(s), 0 left on base; Las Vegas 0 - Ft. Worth 8
BOTTOM OF THE 3RD
Ft. Worth Cattlemen batting - Pitching for Las Vegas Flamingos : LHP Russ Melanson
Batting: LHB Toyokazu Asano 0-0: Ball
1-0: Ball
2-0: Foul Ball, location: 2F
2-1: Swinging Strike
2-2: Strikes out swinging
Batting: RHB Bart Lewis 0-0: Foul Ball, location: 2F
0-1: Swinging Strike
0-2: Foul Ball, location: 2F
0-2: Strikes out swinging
Batting: RHB Alan Elder 0-0: Foul Ball, location: 2F
0-1: Swinging Strike
0-2: Fly out, F6 (Popup, 6D)
Bottom of the 3rd over - 0 run(s), 0 hit(s), 0 error(s), 0 left on base; Las Vegas 0 - Ft. Worth 8
TOP OF THE 4TH
Las Vegas Flamingos batting - Pitching for Ft. Worth Cattlemen : RHP Nicholas Wells
Batting: RHB Wayne Bannatyne 0-0: Ball
1-0: Swinging Strike
1-1: Foul Ball, location: 2F
1-2: SINGLE (Groundball, 34D)
Batting: RHB Jeff Young 0-0: Fly out, F3 (Popup, 23F)
Batting: RHB Travis Newsome 0-0: Called Strike
0-1: Ball
1-1: Foul Ball, location: 2F
1-2: Fly out, F7 (Flyball, 7D)
Batting: LHB José Meléndez 0-0: Ball
1-0: Ball
2-0: Foul Ball, location: 2F
2-1: Ball
3-1: Base on Balls
Wayne Bannatyne to second
Batting: RHB Matt Sheppard 0-0: Called Strike
0-1: Foul Ball, location: 2F
0-2: Ball
1-2: Ball
2-2: Foul Ball, location: 2F
2-2: SINGLE (Groundball, 4M)
Wayne Bannatyne to third
José Meléndez to second
Runner from 3rd tries for Home, SAFE, no throw or cutoff
Batting: LHB Takahiro Harada 0-0: Foul Ball, location: 2F
0-1: Swinging Strike
0-2: Foul Ball, location: 2F
0-2: SINGLE (Line Drive, 8LS)
José Meléndez to third
Matt Sheppard to second
Batting: LHB Kenneth Chapman 0-0: Fly out, F4 (Popup, 4S)
Top of the 4th over - 1 run(s), 3 hit(s), 0 error(s), 3 left on base; Las Vegas 1 - Ft. Worth 8
BOTTOM OF THE 4TH
Ft. Worth Cattlemen batting - Pitching for Las Vegas Flamingos : LHP Russ Melanson
Batting: LHB Orlando Trevino 0-0: Called Strike
0-1: Ball
1-1: Fly out, F5 (Popup, 5F)
Batting: SHB Eiji Suzuki 0-0: Ground out 5-3 (Groundball, 56)
Batting: LHB Bill Burgess 0-0: Swinging Strike
0-1: Called Strike
0-2: SINGLE (Line Drive, 34D)
Batting: RHB Jack Weber 0-0: Ball
1-0: Ball
2-0: Ball
3-0: Called Strike
3-1: Foul Ball, location: 2F
3-2: SINGLE (Line Drive, 78S)
Bill Burgess to second
Bill Burgess to third
Batting: RHB Kevin Howard 0-0: Ball
1-0: Ball
2-0: DOUBLE (Line Drive, 7LS)
Bill Burgess scores
Jack Weber to third
Batting: LHB Ryan Westlake 0-0: Called Strike
0-1: Ball
1-1: Ground out U3 (Groundball, 3L)
Bottom of the 4th over - 1 run(s), 3 hit(s), 0 error(s), 2 left on base; Las Vegas 1 - Ft. Worth 9
TOP OF THE 5TH
Las Vegas Flamingos batting - Pitching for Ft. Worth Cattlemen : RHP Nicholas Wells
Batting: RHB Steven Talley 0-0: Called Strike
0-1: Ball
1-1: Ball
2-1: Swinging Strike
2-2: Foul Ball, location: 2F
2-2: Strikes out swinging
Batting: LHB Sinclair van Kooten 0-0: Ball
1-0: Fly out, F8 (Flyball, 78M)
Batting: RHB Wayne Bannatyne 0-0: Swinging Strike
0-1: Ball
1-1: SINGLE (Flyball, 8RS)
Batting: RHB Jeff Young 0-0: Ball
1-0: Ball
2-0: Ball
3-0: Base on Balls
Wayne Bannatyne to second
Batting: RHB Travis Newsome 0-0: Fielders Choice at 2nd, 5-4 (Groundball, 5)
Top of the 5th over - 0 run(s), 1 hit(s), 0 error(s), 1 left on base; Las Vegas 1 - Ft. Worth 9
BOTTOM OF THE 5TH
Ft. Worth Cattlemen batting - Pitching for Las Vegas Flamingos : LHP Russ Melanson
Batting: LHB Toyokazu Asano 0-0: Called Strike
0-1: Ball
1-1: Fly out, F7 (Popup, 7LM)
Batting: RHB Bart Lewis 0-0: Swinging Strike
0-1: Called Strike
0-2: Foul Ball, location: 2F
0-2: Ball
1-2: Ball
2-2: Ball
3-2: SOLO HOME RUN (Flyball, 7D), Distance : 436 ft
Batting: RHB Alan Elder 0-0: Foul Ball, location: 2F
0-1: Called Strike
0-2: Foul Ball, location: 2F
0-2: Foul Ball, location: 2F
0-2: Ball
1-2: Fly out, F9 (Flyball, 9M)
Batting: LHB Orlando Trevino 0-0: Ball
1-0: Ball
2-0: Ground out U3 (Groundball, 3)
Bottom of the 5th over - 1 run(s), 1 hit(s), 0 error(s), 0 left on base; Las Vegas 1 - Ft. Worth 10
TOP OF THE 6TH
Las Vegas Flamingos batting - Pitching for Ft. Worth Cattlemen : RHP Nicholas Wells
Batting: LHB José Meléndez 0-0: Foul Ball, location: 2F
0-1: Foul Ball, location: 2F
0-2: Ball
1-2: Strikes out swinging
Batting: RHB Matt Sheppard 0-0: Ball
1-0: Ball
2-0: Ball
3-0: Base on Balls
Batting: LHB Takahiro Harada 0-0: Ball
1-0: Ball
Matt Sheppard steals 2nd base
2-0: Foul Ball, location: 2F
2-1: Fly out, F8 (Flyball, 8RXD)
Runner from 2nd tags up, SAFE at 3rd, no throw
Batting: LHB Kenneth Chapman 0-0: Ball
1-0: Ball
2-0: Swinging Strike
2-1: Ball
3-1: Base on Balls
Batting: RHB Steven Talley 0-0: Swinging Strike
0-1: Swinging Strike
0-2: Ball
1-2: Strikes out swinging
Top of the 6th over - 0 run(s), 0 hit(s), 0 error(s), 2 left on base; Las Vegas 1 - Ft. Worth 10
BOTTOM OF THE 6TH
Ft. Worth Cattlemen batting - Pitching for Las Vegas Flamingos : LHP Russ Melanson
Pitching: RHP Jeff Pearson
Batting: SHB Eiji Suzuki 0-0: Ball
1-0: Ball
2-0: Called Strike
2-1: SINGLE (Line Drive, 34D)
Batting: LHB Bill Burgess 0-0: Called Strike
0-1: Ball
1-1: Ball
2-1: Fly out, F8 (Flyball, 8LM)
Batting: RHB Jack Weber 0-0: Ball
1-0: Ball
2-0: Ball
3-0: Base on Balls
Eiji Suzuki to second
Batting: RHB Kevin Howard 0-0: Ball
1-0: Swinging Strike
1-1: Swinging Strike
1-2: Strikes out swinging
Batting: LHB Ryan Westlake 0-0: Called Strike
0-1: Ball
1-1: Ball
2-1: Ball
3-1: Foul Ball, location: 2F
3-2: Base on Balls
Eiji Suzuki to third
Jack Weber to second
Batting: LHB Toyokazu Asano 0-0: Ball
1-0: Foul Ball, location: 2F
1-1: Ball
2-1: Foul Ball, location: 2F
2-2: Ball
3-2: Foul Ball, location: 2F
3-2: Base on Balls
Eiji Suzuki scores
Jack Weber to third
Ryan Westlake to second
Batting: RHB Bart Lewis 0-0: Called Strike
0-1: Ball
1-1: Ball
2-1: Swinging Strike
2-2: Ground out 6-3 (Groundball, 6)
Bottom of the 6th over - 1 run(s), 1 hit(s), 0 error(s), 3 left on base; Las Vegas 1 - Ft. Worth 11
TOP OF THE 7TH
Las Vegas Flamingos batting - Pitching for Ft. Worth Cattlemen : RHP Nicholas Wells
Batting: LHB Sinclair van Kooten 0-0: Foul Ball, location: 2F
0-1: Foul Ball, location: 2F
0-2: Strikes out swinging
Batting: RHB Wayne Bannatyne 0-0: Ball
1-0: Ground out 1-3 (Groundball, 13S)
Batting: RHB Jeff Young 0-0: Called Strike
0-1: Called Strike
0-2: Strikes out swinging
Top of the 7th over - 0 run(s), 0 hit(s), 0 error(s), 0 left on base; Las Vegas 1 - Ft. Worth 11
BOTTOM OF THE 7TH
Ft. Worth Cattlemen batting - Pitching for Las Vegas Flamingos : RHP Jeff Pearson
Batting: RHB Alan Elder 0-0: Swinging Strike
0-1: Foul Ball, location: 2F
0-2: Ball
1-2: Ball
2-2: Foul Ball, location: 2F
2-2: Ball
3-2: Foul Ball, location: 2F
3-2: Base on Balls
Batting: LHB Orlando Trevino 0-0: Ball
1-0: Foul Ball, location: 2F
1-1: Ball
2-1: Foul Ball, location: 2F
2-2: Ball
3-2: DOUBLE (Flyball, 8RXD)
Alan Elder to third
Batting: SHB Eiji Suzuki 0-0: SINGLE (Flyball, 7S)
Alan Elder scores
Orlando Trevino to third
Batting: LHB Bill Burgess 0-0: SINGLE (Flyball, 7S)
Orlando Trevino scores
Eiji Suzuki to second
Pitching: RHP José Hernández
Batting: RHB Jack Weber 0-0: Ball
1-0: Bunt missed!
1-1: Sac Bunt - play at first, batter OUT! 2-4
Eiji Suzuki to third
Bill Burgess to second
Batting: RHB Kevin Howard 0-0: Foul Ball, location: 2F
0-1: Called Strike
0-2: Ball
1-2: Fly out, F9 (Flyball, 89XD)
Runner from 3rd tags up, SCORES, no throw
Batting: LHB Ryan Westlake 0-0: Ball
1-0: Swinging Strike
1-1: Foul Ball, location: 2F
1-2: Ball
2-2: Ball
3-2: Base on Balls
Batting: LHB Toyokazu Asano 0-0: Ball
1-0: Ball
Wild Pitch!
Bill Burgess to third
Ryan Westlake to second
2-0: Ball
3-0: Called Strike
3-1: Base on Balls
Batting: RHB Bart Lewis 0-0: Ball
1-0: Called Strike
1-1: Called Strike
1-2: Fly out, F9 (Flyball, 89D)
Bottom of the 7th over - 3 run(s), 3 hit(s), 0 error(s), 3 left on base; Las Vegas 1 - Ft. Worth 14
TOP OF THE 8TH
Las Vegas Flamingos batting - Pitching for Ft. Worth Cattlemen : RHP Nicholas Wells
Now at 3B: Roger Wheeler
Batting: RHB Travis Newsome 0-0: Ball
1-0: Ground out U3 (Groundball, 3S)
Batting: LHB José Meléndez 0-0: Called Strike
0-1: Swinging Strike
0-2: Foul Ball, location: 2F
0-2: Ball
1-2: Ball
2-2: Strikes out swinging
Batting: RHB Matt Sheppard 0-0: Swinging Strike
0-1: Swinging Strike
0-2: Strikes out swinging
Top of the 8th over - 0 run(s), 0 hit(s), 0 error(s), 0 left on base; Las Vegas 1 - Ft. Worth 14
BOTTOM OF THE 8TH
Ft. Worth Cattlemen batting - Pitching for Las Vegas Flamingos : RHP José Hernández
Batting: RHB Alan Elder 0-0: Ball
1-0: Called Strike
1-1: Called Strike
1-2: Foul Ball, location: 2F
1-2: Ball
2-2: Ground out 6-3 (Groundball, 6M)
Batting: LHB Orlando Trevino 0-0: Ball
1-0: Called Strike
1-1: Ball
2-1: Ball
3-1: Called Strike
3-2: Base on Balls
Batting: SHB Eiji Suzuki 0-0: Ball
Pickoff Throw to First - Out!
1-0: Called Strike
1-1: Ground out 1-3 (Groundball, 23)
Bottom of the 8th over - 0 run(s), 0 hit(s), 0 error(s), 0 left on base; Las Vegas 1 - Ft. Worth 14
TOP OF THE 9TH
Las Vegas Flamingos batting - Pitching for Ft. Worth Cattlemen : RHP Nicholas Wells
Batting: LHB Takahiro Harada 0-0: Called Strike
0-1: Ball
1-1: Ball
2-1: Fly out, F2 (Popup, 2RF)
Pitching: RHP Harold Taylor
Pinch Hitting: RHB San-gui Liang 0-0: Called Strike
0-1: Swinging Strike
0-2: Ball
1-2: Strikes out swinging
Batting: RHB Steven Talley 0-0: Called Strike
0-1: Fly out, F4 (Line Drive, 4)
Top of the 9th over - 0 run(s), 0 hit(s), 0 error(s), 0 left on base; Las Vegas 1 - Ft. Worth 14
This league is powered by Out of the Park Baseball, the baseball management simulation game for PC, Mac and Linux
Friday, January 22nd, 2016 - OOTP Baseball 16.9 Build 39